 Dungeon Crawl Stone Soup version 0.29.1 (webtiles) character file.

Game seed: 10420397314136616093

207245 Bartlander the Earth Mage (level 18, 0/108 HPs)
             Began as a Gargoyle Earth Elementalist on Sept 12, 2022.
             Was the Champion of Vehumet.
             Slain by a +0 long sword of holy wrath (8 damage)
             ... on level 4 of the Abyss.
             The game lasted 03:48:55 (55440 turns).

Bartlander the Earth Mage (GrEE)                   Turns: 55440, Time: 03:48:55

Health: 0/108      AC: 39    Str: 13 (15) XL:     18   Next: 74%
Magic:  9/27       EV: 11    Int: 24      God:    Vehumet [******]
Gold:   1595       SH:  0    Dex:  4 (6)  Spells: 4/41 levels left

rFire   . . .      SeeInvis +   a - +3 whip (elec)
rCold   . . .      Faith    .   L - +0 kite shield
rNeg    + . .      Spirit   .   h - +2 robe {Will+}
rPois   ∞          Reflect  +   o - +2 helmet
rElec   +          Harm     .   x - +2 cloak
rCorr   .          Rampage  .   y - +2 pair of gloves {Str+3}
Will    ++...      Rage     3%  m - +2 pair of boots
Stlth   ++........              e - amulet of reflection
HPRegen 0.28/turn               Q - ring of wizardry
MPRegen 0.20/turn               i - ring of see invisible

@: confused, ice-armoured, about to teleport, ambrosia-drunk, flying, unable to
drink
A: sickness immunity, AC +13, big wings, negative energy resistance 1,
electricity resistance, torment resistance 1, petrification resistance, [berserk
1], [clumsy 2], [deterioration 2], [frail 1], [low MP 2], [screaming 2],
[inability to drink after injury 2]
}: 1/15 runes: gossamer
a: Renounce Religion


You were on level 4 of the Abyss.
You worshipped Vehumet.
Vehumet was exalted by your worship.
You visited 6 branches of the dungeon, and saw 30 of its levels.
You visited the Abyss 1 time.
You visited 1 bazaar.
You also visited: Ossuary.

You collected 3587 gold pieces.
You spent 1992 gold pieces at shops.

Inventory:

Hand Weapons
 a - a +3 whip of electrocution (weapon)
Missiles
 V - a throwing net
Armour
 h - a +2 robe of willpower (worn)
 m - a +2 pair of boots (worn)
 o - a +2 helmet (worn)
 x - a +2 cloak (worn)
 y - a +2 pair of gloves of strength (worn)
 C - a +2 robe of cold resistance
 L - a +0 kite shield (worn)
Magical Staves
 b - a staff of earth
 F - a staff of conjuration
Jewellery
 d - a ring of positive energy
 e - an amulet of reflection (around neck)
 g - a +6 ring of strength
 i - a ring of see invisible (right hand)
 j - a +6 ring of dexterity
 B - a +4 ring of evasion
 I - a ring of protection from fire
 O - a +4 ring of slaying
 P - the amulet "Yvo Hufa" {rF++ rC+ Regen+ rCorr Int-5}
   (You bought it in a shop in a bazaar)

   [amulet of regeneration]

   Int:       It affects your intelligence (-5).
   rF:        It greatly protects you from fire.
   rC:        It protects you from cold.
   Regen:     It increases your rate of health regeneration.
   rCorr:     It protects you from acid and corrosion.
 Q - a ring of wizardry (left hand)
 T - an amulet of guardian spirit
Wands
 n - a wand of roots (24)
 z - a wand of mindburst (12)
 K - a wand of light (20)
 W - a wand of charming (12)
 X - a wand of polymorph (4)
Scrolls
 k - a scroll of silence
 q - 2 scrolls of enchant armour
 t - 6 scrolls of immolation
 w - 2 scrolls of teleportation
 E - 2 scrolls of poison
 G - 3 scrolls of fog
 H - 2 scrolls of blinking
 M - 11 scrolls of identify
 N - 2 scrolls of amnesia
 R - 2 scrolls of enchant weapon
Potions
 c - 4 potions of ambrosia
 f - 5 potions of flight
 l - 2 potions of might
 p - a potion of magic
 r - 13 potions of curing
 s - 3 potions of mutation
 u - 2 potions of invisibility
 v - 3 potions of cancellation
 A - 2 potions of resistance
 J - 7 potions of haste
 S - 2 potions of berserk rage
 U - 3 potions of brilliance
Miscellaneous
 D - a phantom mirror


   Skills:
 + Level 15.6 Fighting
 - Level 3.5 Maces & Flails
 - Level 6.7 Dodging
 - Level 10.4 Stealth
 + Level 10.0 Shields
 + Level 12.1 Spellcasting
 - Level 11.9 Conjurations
 - Level 0.7 Transmutations
 + Level 12.9 Ice Magic
 - Level 3.7 Air Magic
 + Level 18.6 Earth Magic


You had 4 spell levels left.
You knew the following spells:

 Your Spells              Type           Power      Damage    Failure   Level
a - Sandblast             Erth           100%       2d20      0%          1
b - Passwall              Tmut/Erth      47%        N/A       1%          2
c - Stone Arrow           Conj/Erth      100%       3d13      1%          3
d - Petrify               Tmut/Erth      57%        N/A       1%          4
e - Lee's Rapid Deconstr  Erth           40%        3d21*     1%          5
f - Freezing Cloud        Conj/Ice/Air   28%        6-21      1%          5
g - Ozocubu's Refrigerat  Ice            33%        4d14      4%          7
h - Flame Wave            Conj/Fire      43%        2d11      1%          4
i - Ozocubu's Armour      Ice            67%        N/A       1%          3
j - Frozen Ramparts       Ice            100%       1d16      1%          3

Your spell library contained the following spells:

 Spells                   Type           Power      Damage    Failure   Level
 Shatter                  Erth           40%        3d32*     38%         9
 Polar Vortex             Ice            33%        N/A       97%         9
 Chain Lightning          Conj/Air       25%        3d34      100%        9
 Scorch                   Fire           28%        2d6       1%          2
 Static Discharge         Conj/Air       51%        3-10/arc  1%          2
 Fulminant Prism          Conj/Hex       21%        3d13      1%          4
 Iskenderun's Mystic Bla  Conj/Tloc      43%        2d10      1%          4
 Beastly Appendage        Tmut           36%        N/A       2%          1
 Ice Form                 Ice/Tmut       47%        N/A       2%          4
 Summon Ice Beast         Ice/Summ       45%        N/A       2%          4
 Necrotise                Necr           56%        1d6       4%          1
 Wereblood                Tmut           18%        N/A       4%          2
 Spider Form              Tmut/Pois      16%        N/A       10%         3
 Vampiric Draining        Necr           14%        2d7       12%         3
 Lightning Bolt           Conj/Air       25%        1d41      1%          5
 Borgnjor's Vile Clutch   Necr/Erth      28%        N/A       2%          5
 Alistair's Intoxication  Tmut/Pois      10%        N/A       63%         5
 Agony                    Necr           14%        N/A       67%         5
 Summon Mana Viper        Hex/Summ       14%        N/A       67%         5
 Eringya's Noxious Bog    Tmut/Pois      8%         N/A       69%         6
 Summon Cactus Giant      Summ           7%         N/A       99%         6
 Monstrous Menagerie      Summ           7%         N/A       100%        7
 Summon Hydra             Summ           7%         N/A       100%        7
 Maxwell's Capacitive Co  Air            16%        ∞         100%        8
 Sublimation of Blood     Necr           Unusable   N/A       N/A         2

Dungeon Overview and Level Annotations

Branches:
Dungeon (15/15)            Temple (1/1) D:4            Lair (5/5) D:8
 Shoals (3/4) Lair:3       Spider (4/4) Lair:3        Slime (0/5) Lair:5
    Orc (2/2) D:9             Elf (0/3) Orc:2        Vaults (0/5) D:13
 Depths (0/4) D:15        Ossuary (visited)

Altars:
Ashenzari
Cheibriados
Dithmenos
Elyvilon
Fedhas
Gozag
Hepliaklqana
Kikubaaqudgha
Makhleb
Nemelex Xobeh
Qazlal
Ru
Sif Muna
Trog
Uskayaw
Vehumet
Wu Jian
Xom
Yredelemnul
Zin
The Shining One

Shops:
D:2 (   D:4 **   D:10 *   D:15 *   Orc:2 (:[*[[

Annotations:
D:3 2 runed translucent doors, zx48k's ghost, weakling OpEn
D:6 2 transporters
D:7 3 runed translucent doors, KamiKatze's ghost, novice GrFi
D:9 3 runed translucent doors, topfpfpflanze's ghost, novice DEFE
D:14 Agnes
Shoals:2 1 runed translucent door, exclusion: downstairs, DoubleLucky's ghost, adept DrFE
Shoals:3 Louise
Spider:4 Roxanne


Innate Abilities, Weirdness & Mutations

You are immune to sickness and miasma.
Your stone body is resilient. (AC +13)
You are immune to poison.
Your large and strong wings let you fly.
You resist negative energy. (rN+)
You are resistant to electric shocks. (rElec)
You are resistant to unholy torment.
You are immune to petrification.
[You sometimes lose your temper in combat.]
[You are very clumsy. (Dex -4)]
[Your body often deteriorates upon taking damage.]
[You are frail. (-10% HP)]
[Your magical capacity is very low. (-20% MP)]
[You frequently scream uncontrollably at your foes.]
[You sometimes lose the ability to drink potions when taking damage.]


Message History

Here: an ancient zyme The floor.
Casting: Stone Arrow (safe; 1% risk of failure)
Confirm with . or Enter, or press ? or * to list all spells.
A film of ice covers your body! The ancient zyme hits you.
* * * LOW HITPOINT WARNING * * *
You block the ancient zyme's attack.
Casting: Ozocubu's Armour (safe; 1% risk of failure)
Confirm with . or Enter, or press ? or * to list all spells.
Okay, then.
As you read the scroll of fog, it crumbles to dust.
The scroll dissolves into smoke.
You block the ancient zyme's attack. x2
You hit the ancient zyme.
The ancient zyme is lightly damaged.
You can drink potions again.
The +0 long sword of holy wrath hits you.
* * * LOW HITPOINT WARNING * * *
The +0 long sword of holy wrath completely misses you.
You block the ancient zyme's attack. x2
Okay, then.
Blink to where?
Press: ? - help, Dir - move target You can't see that place. [the floor.]
Okay, then.
Unknown command.
Okay, then.
Unknown command.
Okay, then.
Unknown command.
Okay, then.
Unknown command.
Okay, then.
Unknown command.
Unknown command.
You are confused.
You feel invigorated. The ufetubus closely misses you. x2
The +0 long sword of holy wrath hits you!
You feel threatened and lose the ability to drink potions!
You die...

#. ### #. ...
.#. #. .. . ...
. . .... .#. ...
##§# ##.###§§#
####...##§@##
#.......#x(5#
#.#......§X§§#
#.... ....##...#
...###...###.###
.3.# ##.## ..#
#.. .#.X.##... .
x§#..... D.#.
D..........


You could see an ancient zyme, a large abomination, a +0 long sword of holy
wrath and an ufetubus.

Vanquished Creatures
  Nikola (Shoals:1)
  Arachne (Spider:2)
  A kraken (Shoals:1)
  Polyphemus (Shoals:2)
  An orc warlord (Orc:2)
  4 ghost moths
  8 emperor scorpions
  3 broodmothers
  An entropy weaver (Spider:4)
  2 spark wasps
  Snorg (Lair:4)
  A merfolk impaler (Shoals:3)
  7 hydras
  A vault guard (D:13)
  8 boulder beetles
  2 catoblepae
  2 jorogumos
  2 ice dragons (D:15)
  3 radroaches
  4 two-headed ogres
  5 centaur warriors
  4 merfolk aquamancers
  Erica (Lair:1)
  9 death yaks
  7 tengu warriors
  3 orc high priests (Orc:2)
  A thrashing horror (Abyss:4)
  Nergalle (Lair:1)
  Sonja (Orc:2)
  A wretched star (Abyss:2)
  2 pharaoh ants
  4 sea snakes
  4 skeletal warriors (D:13)
  18 orb spiders
  2 sun moths
  10 steelbarb worms
  4 orc knights (Orc:2)
  2 wizards
  3 spectral wolf spiders (Spider:1)
  3 harpies (Shoals:2)
  2 deep elf pyromancers
  4 wolf spider zombies (Spider:1)
  9 ugly things
  20 wolf spiders
  4 orc sorcerers
  5 manticores
  6 fauns
  10 cyclopes
  9 elephants
  5 moths of wrath
  A merfolk siren (Shoals:1)
  2 guardian serpents (shapeshifter) (D:13)
  5 torpor snails
  2 black mambas
  4 water nymphs
  2 gargoyles
  7 demonic crawlers
  A hellion (Abyss:4)
  8 cane toads
  4 kobold demonologists
  An unseen horror (D:12)
  9 komodo dragons
  A rime drake (Lair:5)
  4 tengu conjurers
  3 trolls
  11 hornets
  7 merfolk
  2 ancient zymes (Abyss:4)
  5 wolf spider simulacra (Spider:1)
  8 blink frogs
  A harpy skeleton (Abyss:4)
  3 polar bears
  4 dream sheep (Lair:3)
  3 wind drakes
  3 slime creatures (D:14)
  26 tarantellas
  5 snapping turtles
  3 large abominations (Abyss:4)
  36 jumping spiders
  4 shadows
  50 yaks
  29 culicivoras
  11 spriggans (Lair:5)
  14 water elementals
  A wraith (D:13)
  6 wyverns
  A vampire (D:11)
  9 basilisks
  2 fire bats (Lair:3)
  A steam dragon (D:10)
  4 vampire mosquitoes
  65 redbacks
  A harpy simulacrum (Abyss:4)
  An acid dragon (D:9)
  7 wargs
  13 water moccasins
  31 orc warriors
  3 ice beasts
  3 sky beasts
  4 boggarts (Lair:5)
  5 centaurs
  6 black bears
  7 ogres
  18 wolves
  8 bullfrogs
  4 kobold brigands
  A necrophage (D:8)
  A gnoll sergeant (D:9)
  4 scorpions
  5 wights
  6 killer bees (D:9)
  A centaur zombie (Ossuary)
  A lava snake (Lair:3)
  A hound (D:5)
  2 jellies
  A human zombie (Ossuary)
  24 orc priests
  Crazy Yiuf (D:6)
  29 orc wizards
  2 iguanas
  6 hell rats (Lair:5)
  2 small abominations (Abyss:4)
  A mummy (D:5)
  9 gnolls
  6 adders
  2 white imps
  5 worms
  75 orcs
  13 endoplasms
  2 giant cockroaches
  5 goblins
  6 hobgoblins
  4 jackals (D:1)
  A quokka (D:2)
  4 ball pythons
  3 bats
  2 frilled lizards
  6 hobgoblin zombies (Ossuary)
  10 kobolds
  10 kobold zombies
  6 orc zombies (Ossuary)
  7 rats
  A rat zombie (Ossuary)
  A bush (D:6)
  A tentacle (Shoals:1)
959 creatures vanquished.

Vanquished Creatures (collateral kills)
  An emperor scorpion (Spider:1)
  A broodmother (Spider:2)
  A jorogumo (Spider:4)
  A steelbarb worm (Spider:2)
  A wolf spider (Spider:2)
  A demonic crawler (Spider:2)
  A tarantella (Spider:2)
  A culicivora (Spider:4)
  3 kobolds
11 creatures vanquished.

Vanquished Creatures (others)
  A wolf spider (Spider:2)
  A hornet (Spider:2)
  A kobold brigand (D:12)
  57 fungi
  106 plants
  2 starspawn tentacles (Abyss:2)
  25 tentacles (Shoals:1)
193 creatures vanquished.

Grand Total: 1163 creatures vanquished

Notes
Turn   | Place    | Note
-------+----------+-------------------------------------------
     0 | D:1      | Bartlander the Gargoyle Earth Elementalist began the quest
                  | for the Orb.
     0 | D:1      | Reached XP level 1. HP: 10/10 MP: 3/3
   191 | D:1      | Reached skill level 4 in Earth Magic
   209 | D:1      | Found a faded altar of an unknown god.
   386 | D:1      | Reached XP level 2. HP: 10/15 MP: 0/5
   462 | D:1      | Learned a level 2 spell: Passwall
  1173 | D:2      | Found Icrikhli's Antique Weapon Shoppe.
  1397 | D:2      | Reached XP level 3. HP: 19/19 MP: 4/6
  1477 | D:2      | Reached skill level 5 in Earth Magic
  2200 | D:2      | Learned a level 3 spell: Stone Arrow
  2297 | D:3      | Found a runed translucent door.
  2306 | D:3      | Noticed zx48k's ghost (weakling OpEn)
  2336 | D:3      | Found a runed translucent door.
  2601 | D:3      | Found a glowing silver altar of Zin.
  2609 | D:3      | Reached XP level 4. HP: 24/24 MP: 5/7
  2728 | D:3      | Found a blossoming altar of Fedhas.
  2898 | D:4      | Reached skill level 6 in Earth Magic
  3435 | D:4      | Reached skill level 1 in Conjurations
  3442 | D:4      | Reached XP level 5. HP: 28/28 MP: 2/8
  3669 | D:4      | Found Beimp's General Store.
  3670 | D:4      | Found Gexa's Specific Store.
  3677 | D:4      | Bought a +0 pair of boots for 45 gold pieces
  3814 | D:4      | Found a hide-covered altar of Uskayaw.
  3815 | D:4      | Noticed a +0 hand axe
  3815 | D:4      | Noticed a +0 hand axe
  3818 | D:4      | Noticed a black bear
  4058 | D:4      | Found a staircase to the Ecumenical Temple.
  4068 | Temple   | Entered the Ecumenical Temple
  4197 | Temple   | Became a worshipper of Vehumet
  4334 | D:4      | Found a staircase to the Ecumenical Temple.
  4577 | D:4      | Found Gexa's Specific Store.
  4579 | D:4      | Found Beimp's General Store.
  4693 | D:5      | Entered Level 5 of the Dungeon
  4762 | D:5      | Found an ornate altar of the Wu Jian Council.
  4914 | D:4      | Reached XP level 6. HP: 11/32 MP: 1/9
  5164 | D:4      | Reached skill level 7 in Earth Magic
  5317 | D:5      | Found a sand-covered staircase.
  5333 | Ossuary  | Entered an ossuary
  5923 | Ossuary  | Reached XP level 7. HP: 36/36 MP: 7/10
  6120 | D:5      | Reached skill level 8 in Earth Magic
  6404 | D:5      | Reached skill level 5 in Conjurations
  6910 | D:6      | Noticed a yak
  6911 | D:6      | Noticed a yak
  6944 | D:6      | Found a transporter.
  6948 | D:6      | Found a transporter.
  6951 | D:6      | Noticed a cyclops
  6951 | D:6      | Noticed a vampire mosquito
  6953 | D:6      | Found a white marble altar of Elyvilon.
  7106 | D:6      | Noticed a yak
  7253 | D:6      | Killed a yak
  7254 | D:6      | Reached skill level 9 in Earth Magic
  7254 | D:6      | Reached XP level 8. HP: 41/41 MP: 4/11
  7314 | D:6      | Reached * piety under Vehumet
  7314 | D:6      | Offered knowledge of Foxfire by Vehumet.
  7387 | D:5      | Killed a yak
  7571 | D:6      | Killed a yak
  7797 | D:6      | Found a runed translucent door.
  7798 | D:6      | Noticed Crazy Yiuf
  7804 | D:6      | Killed Crazy Yiuf
  7916 | D:7      | Reached skill level 10 in Earth Magic
  8141 | D:7      | Reached XP level 9. HP: 45/45 MP: 5/12
  8392 | D:7      | Learned a level 4 spell: Petrify
  8568 | D:7      | Reached skill level 1 in Fighting
  8705 | D:7      | Found a runed translucent gate.
  8705 | D:7      | Found a runed translucent gate.
  8707 | D:7      | Found a runed translucent gate.
  8707 | D:7      | Noticed a kobold demonologist
  8707 | D:7      | Noticed KamiKatze's ghost (novice GrFi)
  8831 | D:7      | Reached skill level 11 in Earth Magic
  9187 | D:4      | Found a hide-covered altar of Uskayaw.
  9574 | D:4      | Found Gexa's Specific Store.
  9576 | D:4      | Found Beimp's General Store.
 10469 | D:8      | Reached ** piety under Vehumet
 10581 | D:8      | Found a staircase to the Lair.
 10926 | D:8      | Offered knowledge of Scorch by Vehumet.
 11203 | D:9      | Reached XP level 10. HP: 56/56 MP: 13/15
 11358 | D:9      | Reached skill level 5 in Stealth
 11629 | D:9      | Noticed a moth of wrath
 11662 | D:9      | Found a bloodstained altar of Trog.
 11895 | D:9      | Offered knowledge of Inner Flame by Vehumet.
 11937 | D:9      | Found a runed translucent gate.
 11992 | D:9      | Found a runed translucent gate.
 11992 | D:9      | Found a runed translucent gate.
 12009 | D:9      | Found a staircase to the Orcish Mines.
 12065 | D:9      | Noticed topfpfpflanze's ghost (novice DEFE)
 12418 | D:10     | Entered Level 10 of the Dungeon
 12442 | D:10     | Reached skill level 12 in Earth Magic
 12560 | D:10     | Found a shimmering altar of Xom.
 12801 | D:10     | Found Cidomev's General Store.
 12962 | D:10     | Reached skill level 5 in Fighting
 13396 | D:11     | Noticed a cyclops
 13588 | D:11     | Found a shimmering altar of Xom.
 13714 | D:11     | Killed a cyclops
 13715 | D:11     | Reached skill level 5 in Spellcasting
 13789 | D:11     | Found a shimmering altar of Xom.
 13933 | D:11     | Noticed a two-headed ogre
 14124 | D:11     | Noticed a kobold demonologist
 14143 | D:11     | Noticed a rust devil
 14151 | D:11     | Noticed a soul eater
 14234 | D:11     | Killed a two-headed ogre
 14235 | D:11     | Reached XP level 11. HP: 64/64 MP: 12/18
 14328 | D:11     | Noticed a brown ugly thing
 14336 | D:11     | Killed a brown ugly thing
 14482 | D:11     | Reached skill level 5 in Dodging
 14892 | D:11     | Noticed a death knight
 14893 | D:11     | Noticed an orc knight
 14920 | D:11     | Found a shimmering altar of Xom.
 14922 | D:11     | Found a shimmering altar of Xom.
 14922 | D:11     | Found a shimmering altar of Xom.
 15108 | D:12     | Noticed a cyclops
 15251 | D:12     | Killed a cyclops
 15614 | D:12     | Noticed a deep elf pyromancer
 15742 | Lair:1   | Entered Level 1 of the Lair of Beasts
 15804 | Lair:1   | Noticed Erica
 16160 | Lair:1   | Killed Erica
 16188 | Lair:1   | Noticed Nergalle
 16376 | Lair:1   | Killed Nergalle
 16377 | Lair:1   | Reached skill level 13 in Earth Magic
 16699 | D:8      | Reached *** piety under Vehumet
 17611 | Lair:2   | Reached XP level 12. HP: 41/72 MP: 15/21
 17948 | Lair:2   | Reached skill level 1 in Shields
 18103 | Lair:2   | Offered knowledge of Conjure Flame by Vehumet.
 18621 | Lair:2   | Noticed an eight-headed hydra
 18634 | Lair:2   | Killed an eight-headed hydra
 19372 | Lair:2   | Found a sparkling altar of Nemelex Xobeh.
 19720 | Lair:2   | Found a sparkling altar of Nemelex Xobeh.
 20301 | Lair:3   | Identified the +2 robe "Rataic" {Contam rPois rC+ Str+4}
 20501 | Lair:3   | Reached skill level 14 in Earth Magic
 21544 | Lair:3   | Reached skill level 10 in Stealth
 21632 | Lair:3   | Found a staircase to the Shoals.
 21642 | Lair:3   | Noticed a boulder beetle
 21707 | Lair:3   | Noticed a four-headed hydra
 21749 | Lair:3   | Killed a four-headed hydra
 21750 | Lair:3   | Reached XP level 13. HP: 80/80 MP: 14/22
 21948 | Lair:3   | Learned a level 5 spell: Lee's Rapid Deconstruction
 22248 | Lair:3   | Reached skill level 5 in Shields
 22272 | Lair:3   | Reached **** piety under Vehumet
 22428 | Lair:3   | Found a hole to the Spider Nest.
 22577 | Lair:3   | Gained mutation: Your large and strong wings let you fly.
                  | [Gargoyle growth]
 22577 | Lair:3   | Reached XP level 14. HP: 86/86 MP: 22/27
 22749 | Lair:4   | Offered knowledge of Irradiate by Vehumet.
 22756 | Lair:4   | Learned a level 5 spell: Lightning Bolt
 23622 | Lair:4   | Reached skill level 10 in Conjurations
 23738 | Lair:4   | Reached skill level 1 in Air Magic
 24482 | Lair:5   | Entered Level 5 of the Lair of Beasts
 24693 | Lair:5   | Reached skill level 10 in Fighting
 24928 | Lair:5   | Reached skill level 15 in Earth Magic
 25515 | Lair:5   | Found a staircase to the Slime Pits.
 25701 | Lair:5   | Reached ***** piety under Vehumet
 26234 | Lair:5   | Noticed Snorg
 26259 | Lair:4   | Killed Snorg
 26259 | Lair:4   | Offered knowledge of Ozocubu's Refrigeration by Vehumet.
 27377 | Lair:5   | Reached XP level 15. HP: 73/93 MP: 22/28
 27494 | Lair:5   | Learned a level 7 spell: Ozocubu's Refrigeration
 27499 | Lair:5   | Learned a level 4 spell: Flame Wave
 27972 | Lair:5   | Identified a scroll of acquirement
 28091 | Orc:1    | Entered Level 1 of the Orcish Mines
 28587 | Orc:1    | Reached skill level 1 in Ice Magic
 29094 | D:12     | Offered knowledge of Fireball by Vehumet.
 30043 | D:13     | Found a flickering gateway to a bazaar.
 30052 | Bazaar   | Entered a bazaar
 30063 | Bazaar   | Found Wipluz's Jewellery Shop.
 30069 | Bazaar   | Found Touppih's Magic Scroll Emporium.
 30098 | Bazaar   | Found Reuczammi's Antique Weapon Shoppe.
 30142 | Bazaar   | Found Fiakuaf's Antique Weapon Emporium.
 30243 | Bazaar   | Bought the amulet "Yvo Hufa" {rF++ rC+ Regen+ rCorr Int-5}
                  | for 566 gold pieces
 30253 | Bazaar   | Bought a ring of wizardry for 300 gold pieces
 30264 | Bazaar   | Bought a scroll of enchant armour for 90 gold pieces
 30264 | Bazaar   | Bought a scroll of fear for 48 gold pieces
 30264 | Bazaar   | Bought a scroll of teleportation for 36 gold pieces
 30264 | Bazaar   | Acquired 561 gold pieces
 30267 | Bazaar   | Bought a scroll of identify for 24 gold pieces
 30267 | Bazaar   | Bought a scroll of identify for 24 gold pieces
 30964 | D:13     | Reached skill level 16 in Earth Magic
 31124 | D:13     | Found a gate to the Vaults.
 33530 | D:14     | Identified the +9 trident of Success {venom, Dex+3}
 33729 | D:14     | Noticed Agnes
 34288 | D:15     | Entered Level 15 of the Dungeon
 34955 | D:15     | Reached skill level 5 in Ice Magic
 35347 | D:15     | Found Goin's Mass Market.
 35854 | D:15     | Found a staircase to the Depths.
 36199 | Orc:2    | Entered Level 2 of the Orcish Mines
 36430 | Orc:2    | Reached XP level 16. HP: 101/101 MP: 7/29
 36723 | Orc:1    | Noticed Sonja
 36906 | Orc:2    | Found Edipn's Antique Armour Shop.
 36921 | Orc:2    | Found a shimmering altar of Xom.
 37062 | Orc:2    | Killed Sonja
 37478 | Orc:2    | Found a staircase to the Elven Halls.
 37479 | Orc:2    | Found Qiom's Antique Armour Shop.
 37984 | Orc:2    | Offered knowledge of Freezing Cloud by Vehumet.
 38001 | Orc:1    | Learned a level 5 spell: Freezing Cloud
 39131 | Orc:2    | Found Temys's General Store.
 39132 | Orc:2    | Found Nuran's Book Boutique.
 39135 | Orc:2    | Found Ymmefuq's Antique Armour Boutique.
 39135 | Orc:2    | Found Pyept's Antique Weapon Shop.
 39181 | Orc:2    | Bought Ozocubu's Autobiography for 312 gold pieces
 39190 | Orc:2    | Bought a pair of glowing gloves for 315 gold pieces
 39206 | Orc:2    | Bought a scroll of magic mapping for 112 gold pieces
 39206 | Orc:2    | Bought a potion of cancellation for 120 gold pieces
 39450 | Spider:1 | Entered Level 1 of the Spider Nest
 39505 | Spider:1 | Offered knowledge of Conjure Ball Lightning by Vehumet.
 41088 | Spider:1 | Reached skill level 10 in Spellcasting
 42301 | Spider:2 | Reached XP level 17. HP: 105/110 MP: 25/31
 42373 | Spider:2 | Offered knowledge of Eringya's Noxious Bog by Vehumet.
 42553 | Spider:2 | Reached skill level 17 in Earth Magic
 43121 | Spider:2 | Reached skill level 10 in Ice Magic
 43443 | Spider:2 | You are sucked into a shaft and drop 1 floor!
 43540 | Spider:2 | Identified the +1 leather armour of Honesty {rPois Will-
                  | Dex+3 Slay+2}
 44023 | Spider:2 | Noticed Arachne
 44085 | Spider:2 | Killed Arachne
 45677 | Spider:4 | Entered Level 4 of the Spider Nest
 45953 | Spider:4 | Noticed Roxanne
 46985 | Spider:4 | Reached ****** piety under Vehumet
 47579 | Spider:4 | Offered knowledge of Yara's Violent Unravelling by Vehumet.
 48032 | Spider:3 | Reached XP level 18. HP: 117/118 MP: 9/33
 48182 | Spider:4 | Reached skill level 18 in Earth Magic
 48603 | Spider:4 | Learned a level 3 spell: Ozocubu's Armour
 48912 | Spider:4 | Reached skill level 1 in Maces & Flails
 49148 | Spider:4 | Reached skill level 15 in Fighting
 49386 | Spider:4 | Got a gossamer rune of Zot
 49618 | Shoals:1 | Entered Level 1 of the Shoals
 50486 | Shoals:1 | Noticed Nikola
 50517 | Shoals:1 | Killed Nikola
 51619 | Shoals:2 | Offered knowledge of Starburst by Vehumet.
 52266 | Shoals:2 | Learned a level 3 spell: Frozen Ramparts
 52290 | Shoals:2 | Found a runed translucent door.
 52309 | Shoals:2 | Noticed DoubleLucky's ghost (adept DrFE)
 52520 | Shoals:2 | Noticed Polyphemus
 52764 | Shoals:2 | You are sucked into a shaft and drop 1 floor!
 53495 | Shoals:3 | Noticed Louise
 53857 | Shoals:2 | Killed Polyphemus
 53946 | Shoals:2 | Upgraded the game from 0.29.0-15-g675c0067aa to 0.29.1
 55086 | Abyss:2  | Cast into level 2 of the Abyss (Louise)
 55155 | Abyss:2  | Paralysed by accursed screaming for 2 turns
 55194 | Abyss:4  | Noticed a dread lich
 55243 | Abyss:4  | Found a corrupted altar of Lugonu.
 55315 | Abyss:4  | Reached skill level 10 in Shields
 55406 | Abyss:4  | Offered knowledge of Shatter by Vehumet.
 55406 | Abyss:4  | Offered knowledge of Chain Lightning by Vehumet.
 55406 | Abyss:4  | Offered knowledge of Polar Vortex by Vehumet.
 55426 | Abyss:4  | Noticed a bone dragon
 55427 | Abyss:4  | Noticed a bone dragon
 55439 | Abyss:4  | HP: 5/108 [+0 long sword of holy wrath (6)]
 55440 | Abyss:4  | Slain by a +0 long sword of holy wrath

Illustrated notes

Levels and vault maps discovered:
D:1:      minmay_arrival_semitransparent, layout_basic,
          shapermc_ecumenical_altar_hornbeckon, kennysheep_small_spiral
D:2:      layout_loops_ring, serial_shops, nicolae_shop_advertising_works
          [nicolae_subvault_shop_adworks], dreamdust_princess_corridor,
          minmay_tetromino_t2
D:3:      layout_loops_cross, mainiacjoe_overflow_alcove_4, zin_treasury,
          ebering_ghost_sewer_f
D:4:      nicolae_cairo_tiling_large, layout_basic, dancing_weapons_uskayaw,
          nicolae_overflow_hidden_temple, temple_hall, nicolae_specific_store
D:5:      layout_layer_cave, nzn_wu_jian_contemplation,
          nicolae_ossuary_entry_giza
D:6:      layout_rooms, gammafunk_temple_overflow_arena, uniq_crazy_yiuf_cottage
D:7:      layout_basic, gammafunk_ghost_nasty_kobolds
D:8:      layout_basic, grunt_lair_entry_orc_guard_hut
D:9:      layout_rooms, tgw_trog, gammafunk_ghost_spectres, roderic_lattice_a,
          eino_tiny_chamber
D:10:     layout_cave_pods, mainiacjoe_overflow_concentric_impassable,
          serial_shops, shop
D:11:     minmay_the_grid_triangle_9x9_recursive_2_mashed
          [minmay_the_grid_triangle_9x9_prize_special,
          minmay_the_grid_triangle_9x9_minimal,
          minmay_the_grid_triangle_9x9_swiss_cheese,
          minmay_the_grid_triangle_9x9_negative_grid], layout_basic,
          xom_shifter_show
D:12:     layout_loops_ring
D:13:     layout_loops_corners, david_vaults_5, serial_shops, bzr_entry_islet
D:14:     layout_cave_pods, minmay_misc_feat_diagonals, uniq_agnes
D:15:     grunt_enter_depths_hoard, layout_layer_cave, fountainhead,
          minmay_shop_mass
Temple:   nicolae_temple_two_arcs
Lair:1:   layout_hall_layers, grunt_megastairs_2, infiniplex_staircase_pool,
          uniq_erica, uniq_nergalle
Lair:2:   layout_small_grid, basic_altar, beast_lair_carwin_2,
          grunt_megastairs_1
Lair:3:   layout_gridlike, elwin_shoals_entry_rocks,
          nicolae_spider_entry_tight_spaces, lemuel_fruit_fields
Lair:4:   layout_loops_ring, infiniplex_staircase_pool_2
Lair:5:   minmay_lair_end_enchanted_forest, layout_small_grid, slime_entry_1,
          serial_bayou_pond_e, nicolae_lair_yak_garden, lemuel_fruit_tree,
          uniq_snorg
Shoals:1: cheibrodos_shoals_baths, layout_shoals,
          nicolae_shoals_circle_sea_wall, nicolae_shoals_seven_spires,
          kb_tengu_band, uniq_nikola
Shoals:2: layout_shoals, ebering_ghost_reflecting_pool,
          nicolae_shoals_loop_pool, uniq_polyphemus
Shoals:3: layout_shoals, uniq_louise
Spider:1: layout_spider_delve, nicolae_spider_undead_wolf_pack
Spider:2: nicolae_spider_corner, uniq_arachne
Spider:3: layout_spider_delve, nicolae_spider_checkerboard
Spider:4: grunt_spider_rune_circles, nicolae_spider_twisty_arc_passages,
          uniq_roxanne
Orc:1:    layout_caves, uniq_sonja
Orc:2:    st_orc_congregation, layout_diamond_mine, serial_shops,
          nicolae_shop_trees, nicolae_shop_overgrown_old_shop, basic_altar,
          nicolae_orc_damp_corner
Abyss:4:  base: Orc:1, hangedman_cross_veins,
          grunt_abyss_rune_forest_and_sorcery, evilmike_abyss_rune_tso_outpost,
          evilmike_abyss_rune_tso_outpost, evilmike_abyss_exit_15

Skill      XL: |  1  2  3  4  5  6  7  8  9 10 11 12 13 14 15 16 17 18 |
---------------+-------------------------------------------------------+-----
Earth Magic    | 4 5 6 7 9 10 11 12 13 14 15 16 17 18 | 18.6
Conjurations   | 1 2 4 6 7 8 9 11 | 11.9
Fighting       | 3 5 7 9 10 12 13 14 15 | 15.6
Dodging        | 3 4 6 |  6.7
Stealth        | 4 6 8 10 | 10.4
Spellcasting   | 3 5 6 9 10 11 12 | 12.1
Shields        | 4 5 7 9 10 | 10.0
Air Magic      | 3 |  3.7
Ice Magic      | 5 9 12 | 12.9
Maces & Flails | 3 |  3.5
Transmutations | |  0.7

Action                   |  1- 3 |  4- 6 |  7- 9 | 10-12 | 13-15 | 16-18 || total
-------------------------+-------+-------+-------+-------+-------+-------++-------
Melee: Whip              |     9 |    13 |    26 |    10 |    76 |   189 ||   323
       Punch             |       |     1 |     2 |       |       |       ||     3
       Staff             |       |       |    16 |     1 |     3 |    57 ||    77
 Cast: Sandblast         |    57 |    82 |    60 |   124 |   293 |   416 ||  1032
       Stone Arrow       |       |     5 |    54 |   219 |   452 |   753 ||  1483
       Passwall          |       |       |     1 |     2 |     3 |     1 ||     7
       Petrify           |       |       |       |    11 |     3 |    20 ||    34
       Lightning Bolt    |       |       |       |       |     5 |       ||     5
       Lee's Rapid Decon |       |       |       |       |     7 |    17 ||    24
       Freezing Cloud    |       |       |       |       |       |    84 ||    84
       Flame Wave        |       |       |       |       |       |    17 ||    17
       Ozocubu's Refrige |       |       |       |       |       |     4 ||     4
       Ozocubu's Armour  |       |       |       |       |       |     6 ||     6
Evoke: Wand              |       |       |     8 |    12 |    17 |     3 ||    40
       Phantom mirror    |       |       |       |       |       |     2 ||     2
  Use: Scroll            |     7 |     3 |    10 |     6 |     9 |    19 ||    54
       Potion            |       |       |       |     1 |     3 |    17 ||    21
 Stab: Sleeping          |       |       |       |       |       |     1 ||     1
Armor: Robe              |    10 |    15 |    39 |    54 |   156 |   843 ||  1117
Dodge: Dodged            |    15 |    20 |    47 |    92 |   184 |   615 ||   973
Block: Other             |       |    10 |    17 |       |       |       ||    27
       Reflection        |       |       |     1 |     2 |       |    24 ||    27
       Buckler           |       |       |       |    47 |       |       ||    47
       Kite shield       |       |       |       |    10 |   274 |   788 ||  1072
